| TOP OF THE 1ST |
|
Milwaukee Brewers batting - Pitching for New York Yankees : RHP Mike Parrott
|
|
Pitching: RHP Mike Parrott
|
|
|
Batting: RHB Steve Sax
|
0-0: Swinging Strike 0-1: Foul Ball, location: 2F 0-2: Foul Ball, location: 2F 0-2: Foul Ball, location: 2F 0-2: Ball 1-2: Ball 2-2: Foul Ball, location: 2F 2-2: Fly out, F7 (Line Drive, 7, EV 95.0 MPH)
|
|
Batting: LHB Von Hayes
|
0-0: Ball 1-0: Foul Ball, location: 2F 1-1: Foul Ball, location: 2F 1-2: Foul Ball, location: 2F 1-2: Ball 2-2: Ball 3-2: Base on Balls
|
|
Batting: RHB Eric Davis
|
0-0: Called Strike 0-1: Ball 1-1: Called Strike Von Hayes steals 2nd base 1-2: Strikes out swinging
|
|
Batting: SHB Eddie Murray
|
0-0: Called Strike 0-1: Foul Ball, location: 2F 0-2: Strikes out swinging
|
| Top of the 1st over - 0 runs, 0 hits, 0 errors, 1 left on base; Milwaukee 0 - New York 0 |
| BOTTOM OF THE 1ST |
|
New York Yankees batting - Pitching for Milwaukee Brewers : LHP Gary Lucas
|
|
Pitching: LHP Gary Lucas
|
|
|
Batting: LHB Wade Boggs
|
0-0: Called Strike 0-1: Reached on error, E4 (Groundball, 4S, EV 86.9 MPH)
|
|
Batting: SHB Willie Wilson
|
0-0: Foul Ball, location: 2F 0-1: Ball 1-1: Foul Ball, location: 2F 1-2: Grounds into double play, 6-4-3 (Groundball, 6, EV 101.9 MPH)
|
|
Batting: LHB Kent Hrbek
|
0-0: Ball 1-0: Ball 2-0: Fly out, F7 (Flyball, 7D, EV 95.6 MPH)
|
| Bottom of the 1st over - 0 runs, 0 hits, 1 error, 0 left on base; Milwaukee 0 - New York 0 |
| TOP OF THE 2ND |
|
Milwaukee Brewers batting - Pitching for New York Yankees : RHP Mike Parrott
|
|
Batting: RHB Mike Schmidt
|
0-0: Ball 1-0: Swinging Strike 1-1: SINGLE (Line Drive, 78S, EV 90.0 MPH)
|
|
Batting: RHB Thurman Munson
|
0-0: Ball 1-0: Sac Bunt to 2L - play at first, batter OUT! 2-4 Mike Schmidt to second
|
|
Batting: LHB Denny Walling
|
0-0: Called Strike 0-1: Foul Ball, location: 2F 0-2: Fly out, F8 (Flyball, 8RM, EV 79.4 MPH)
|
|
Batting: RHB Ken Landreaux
|
0-0: Hit by Pitch
|
|
Batting: SHB Alfredo Griffin
|
0-0: Called Strike 0-1: Fielders Choice at 2nd, 6-4 (Groundball, 6, EV 100.6 MPH)
|
| Top of the 2nd over - 0 runs, 1 hit, 0 errors, 2 left on base; Milwaukee 0 - New York 0 |
| BOTTOM OF THE 2ND |
|
New York Yankees batting - Pitching for Milwaukee Brewers : LHP Gary Lucas
|
|
Batting: RHB Pedro Guerrero
|
0-0: Foul Ball, location: 2F 0-1: Foul Ball, location: 2F 0-2: Ball 1-2: Foul Ball, location: 2F 1-2: Ground out 6-3 (Groundball, 6, EV 89.4 MPH)
|
|
Batting: LHB George Kaage
|
0-0: Called Strike 0-1: Ball 1-1: Ball 2-1: Foul Ball, location: 2F 2-2: Ball 3-2: Foul Ball, location: 2F 3-2: Fly out, F8 (Flyball, 8LXD, EV 100.0 MPH)
|
|
Batting: RHB Emanuel Cortez
|
0-0: Called Strike 0-1: Ball 1-1: Called Strike 1-2: Ground out 4-3 (Groundball, 4, EV 102.5 MPH)
|
| Bottom of the 2nd over - 0 runs, 0 hits, 0 errors, 0 left on base; Milwaukee 0 - New York 0 |
| TOP OF THE 3RD |
|
Milwaukee Brewers batting - Pitching for New York Yankees : RHP Mike Parrott
|
|
Batting: RHB Steve Sax
|
0-0: Called Strike 0-1: Ball 1-1: Foul Ball, location: 2F 1-2: Foul Ball, location: 2F 1-2: Foul Ball, location: 2F 1-2: Ball 2-2: Ground out 6-3 (Groundball, 56, EV 75.6 MPH)
|
|
Batting: LHB Von Hayes
|
0-0: Ball 1-0: Ball 2-0: Ball 3-0: Called Strike 3-1: Base on Balls
|
|
Batting: RHB Eric Davis
|
0-0: Ball 1-0: Swinging Strike 1-1: Ball 2-1: Ball 3-1: Foul Ball, location: 2F 3-2: Foul Ball, location: 2F 3-2: Foul Ball, location: 2F 3-2: Foul Ball, location: 2F 3-2: Fielders Choice at 2nd, 6-4 (Groundball, 6, EV 80.6 MPH)
|
|
Batting: SHB Eddie Murray
|
0-0: Called Strike 0-1: Called Strike 0-2: Ground out 5-3 (Groundball, 56S, EV 81.3 MPH)
|
| Top of the 3rd over - 0 runs, 0 hits, 0 errors, 1 left on base; Milwaukee 0 - New York 0 |
| BOTTOM OF THE 3RD |
|
New York Yankees batting - Pitching for Milwaukee Brewers : LHP Gary Lucas
|
|
Batting: SHB Tim Raines
|
0-0: Ball 1-0: Called Strike 1-1: Ball 2-1: Foul Ball, location: 2F 2-2: Strikes out looking
|
|
Batting: LHB Ron Hassey
|
0-0: Ball 1-0: Foul Ball, location: 2F 1-1: Ball 2-1: Fly out, F8 (Flyball, 78D, EV 88.8 MPH)
|
|
Batting: SHB Jerry Manuel
|
0-0: Ball 1-0: Called Strike 1-1: Ball 2-1: Called Strike 2-2: Foul Ball, location: 2F 2-2: Ground out 5-3 (Groundball, 5S, EV 90.6 MPH)
|
| Bottom of the 3rd over - 0 runs, 0 hits, 0 errors, 0 left on base; Milwaukee 0 - New York 0 |
| TOP OF THE 4TH |
|
Milwaukee Brewers batting - Pitching for New York Yankees : RHP Mike Parrott
|
|
Batting: RHB Mike Schmidt
|
0-0: Foul Ball, location: 2F 0-1: Foul Ball, location: 2F 0-2: Ball 1-2: Foul Ball, location: 2F 1-2: Strikes out swinging
|
|
Batting: RHB Thurman Munson
|
0-0: Swinging Strike 0-1: Ground out U3 (Groundball, 13, EV 80.0 MPH)
|
|
Batting: LHB Denny Walling
|
0-0: Called Strike 0-1: Foul Ball, location: 2F 0-2: Strikes out swinging
|
| Top of the 4th over - 0 runs, 0 hits, 0 errors, 0 left on base; Milwaukee 0 - New York 0 |
| BOTTOM OF THE 4TH |
|
New York Yankees batting - Pitching for Milwaukee Brewers : LHP Gary Lucas
|
|
Batting: LHB Wade Boggs
|
0-0: Foul Ball, location: 2F 0-1: Ball 1-1: Foul Ball, location: 2F 1-2: Foul Ball, location: 2F 1-2: Fly out, F8 (Flyball, 8LS, EV 93.1 MPH)
|
|
Batting: SHB Willie Wilson
|
0-0: Called Strike 0-1: Ball 1-1: Foul Ball, location: 2F 1-2: Foul Ball, location: 2F 1-2: Ground out 5-3 (Groundball, 56, EV 82.5 MPH)
|
|
Batting: LHB Kent Hrbek
|
0-0: Called Strike 0-1: Ball 1-1: Swinging Strike 1-2: Strikes out looking
|
| Bottom of the 4th over - 0 runs, 0 hits, 0 errors, 0 left on base; Milwaukee 0 - New York 0 |
| TOP OF THE 5TH |
|
Milwaukee Brewers batting - Pitching for New York Yankees : RHP Mike Parrott
|
|
Batting: RHB Ken Landreaux
|
0-0: Ground out 2-3 (Groundball, 13S, EV 63.1 MPH)
|
|
Batting: SHB Alfredo Griffin
|
0-0: Ball 1-0: Ball 2-0: Ball 3-0: Foul Ball, location: 2F 3-1: SINGLE (Groundball, 5S, EV 67.5 MPH) (infield hit)
|
|
Batting: RHB Steve Sax
|
0-0: SINGLE (Groundball, 6M, EV 78.1 MPH) (infield hit) Alfredo Griffin to second
|
|
Batting: LHB Von Hayes
|
0-0: Called Strike 0-1: 3-RUN HOME RUN (Line Drive, 8LXD, EV 104.4 MPH), Distance : 439 ft
|
|
Batting: RHB Eric Davis
|
0-0: SOLO HOME RUN (Flyball, 78XD, EV 101.9 MPH), Distance : 466 ft
|
|
Batting: SHB Eddie Murray
|
0-0: Ball 1-0: Ball 2-0: Foul Ball, location: 2F 2-1: Foul Ball, location: 2F 2-2: Strikes out swinging
|
|
Batting: RHB Mike Schmidt
|
0-0: Ball 1-0: Ball 2-0: Ball 3-0: Called Strike 3-1: Base on Balls
|
|
Batting: RHB Thurman Munson
|
0-0: Ball 1-0: Ball 2-0: Called Strike 2-1: Fly out, F5 (Line Drive, 5, EV 66.9 MPH)
|
| Top of the 5th over - 4 runs, 4 hits, 0 errors, 1 left on base; Milwaukee 4 - New York 0 |
| BOTTOM OF THE 5TH |
|
New York Yankees batting - Pitching for Milwaukee Brewers : LHP Gary Lucas
|
|
Batting: RHB Pedro Guerrero
|
0-0: Ball 1-0: Called Strike 1-1: Ball 2-1: Ground out 6-3 (Groundball, 56, EV 105.6 MPH)
|
|
Batting: LHB George Kaage
|
0-0: Ball 1-0: Ball 2-0: Ball 3-0: Called Strike 3-1: Fly out, F7 (Flyball, 7LM, EV 85.0 MPH)
|
|
Batting: RHB Emanuel Cortez
|
0-0: Called Strike 0-1: Ball 1-1: Ball 2-1: Ball 3-1: Swinging Strike 3-2: Base on Balls
|
|
Batting: SHB Tim Raines
|
0-0: Foul Ball, location: 2F 0-1: SINGLE (Flyball, 5D, EV 81.9 MPH) Emanuel Cortez to second
|
|
Batting: LHB Ron Hassey
|
0-0: Swinging Strike 0-1: Fly out, F7 (Flyball, 7D, EV 99.4 MPH)
|
| Bottom of the 5th over - 0 runs, 1 hit, 0 errors, 2 left on base; Milwaukee 4 - New York 0 |
| TOP OF THE 6TH |
|
Milwaukee Brewers batting - Pitching for New York Yankees : RHP Mike Parrott
|
|
Batting: LHB Denny Walling
|
0-0: Ball 1-0: Fly out, F5 (Popup, 5SF, EV 67.5 MPH)
|
|
Batting: RHB Ken Landreaux
|
0-0: Ball 1-0: Ball 2-0: Ball 3-0: Base on Balls
|
|
Batting: SHB Alfredo Griffin
|
0-0: Swinging Strike 0-1: Ball 1-1: Called Strike 1-2: SINGLE (Line Drive, 89S, EV 105.6 MPH) Ken Landreaux to second
|
|
Batting: RHB Steve Sax
|
0-0: Called Strike 0-1: DOUBLE (Line Drive, 3D, EV 100.0 MPH) Ken Landreaux scores Alfredo Griffin to third Runner from 3rd tries for Home, throw by RF and OUT! 9-4-2
|
|
Batting: LHB Von Hayes
|
0-0: Ball 1-0: Ball Wild Pitch! Steve Sax to third 2-0: Ball 3-0: Called Strike 3-1: Called Strike 3-2: Base on Balls
|
|
Batting: RHB Eric Davis
|
0-0: Ball 1-0: Ball 2-0: Called Strike 2-1: Ball 3-1: Called Strike 3-2: Fly out, F8 (Line Drive, 8RD, EV 107.5 MPH)
|
| Top of the 6th over - 1 run, 2 hits, 0 errors, 2 left on base; Milwaukee 5 - New York 0 |
| BOTTOM OF THE 6TH |
|
New York Yankees batting - Pitching for Milwaukee Brewers : LHP Gary Lucas
|
|
Batting: SHB Jerry Manuel
|
0-0: Foul Ball, location: 2F 0-1: Ball 1-1: Ball 2-1: Called Strike 2-2: Fly out, F6 (Line Drive, 6, EV 71.9 MPH)
|
|
Batting: LHB Wade Boggs
|
0-0: Called Strike 0-1: Ball 1-1: Ground out 6-3 (Groundball, 6, EV 80.0 MPH)
|
|
Batting: SHB Willie Wilson
|
0-0: Called Strike 0-1: Ball 1-1: Ball 2-1: Foul Ball, location: 2F 2-2: Foul Ball, location: 2F 2-2: Ball 3-2: Strikes out swinging
|
| Bottom of the 6th over - 0 runs, 0 hits, 0 errors, 0 left on base; Milwaukee 5 - New York 0 |
| TOP OF THE 7TH |
|
Milwaukee Brewers batting - Pitching for New York Yankees : RHP Mike Parrott
|
|
Batting: SHB Eddie Murray
|
0-0: Foul Ball, location: 2F 0-1: SINGLE (Groundball, 6D, EV 105.6 MPH)
|
|
Batting: RHB Mike Schmidt
|
0-0: Foul Ball, location: 2F 0-1: Ball 1-1: Ball 2-1: Ball 3-1: Foul Ball, location: 2F 3-2: Strikes out swinging Eddie Murray steals 2nd base Batter strikes out.
|
|
Pitching: RHP Greg Field
|
|
|
Batting: RHB Thurman Munson
|
0-0: Ball 1-0: Swinging Strike 1-1: Ground out 5-3 (Groundball, 5S, EV 78.8 MPH)
|
|
Batting: LHB Denny Walling
|
0-0: Foul Ball, location: 2F 0-1: Swinging Strike 0-2: Ball 1-2: Foul Ball, location: 2F 1-2: SINGLE (Line Drive, 78S, EV 105.0 MPH) Eddie Murray to third Runner from 3rd tries for Home, SAFE, throw by CF to home
|
|
Batting: RHB Ken Landreaux
|
0-0: Ball 1-0: Foul Ball, location: 2F 1-1: Swinging Strike 1-2: Foul Ball, location: 2F 1-2: Strikes out swinging, 2-3 out at first.
|
| Top of the 7th over - 1 run, 2 hits, 0 errors, 1 left on base; Milwaukee 6 - New York 0 |
| BOTTOM OF THE 7TH |
|
New York Yankees batting - Pitching for Milwaukee Brewers : LHP Gary Lucas
|
|
Batting: LHB Kent Hrbek
|
0-0: Called Strike 0-1: Ground out 5-3 (Groundball, 56S, EV 65.0 MPH)
|
|
Batting: RHB Pedro Guerrero
|
0-0: Called Strike 0-1: Ball 1-1: Ball 2-1: Foul Ball, location: 2F 2-2: Ball 3-2: SINGLE (Line Drive, 78M, EV 109.4 MPH)
|
|
Batting: LHB George Kaage
|
0-0: Called Strike 0-1: Ball 1-1: Fielders Choice at 2nd, 4-6 (Groundball, 4, EV 80.6 MPH)
|
|
Batting: RHB Emanuel Cortez
|
0-0: Swinging Strike 0-1: Ball 1-1: Fielders Choice at 2nd, 6-4 (Groundball, 56D, EV 90.6 MPH)
|
| Bottom of the 7th over - 0 runs, 1 hit, 0 errors, 1 left on base; Milwaukee 6 - New York 0 |
| TOP OF THE 8TH |
|
Milwaukee Brewers batting - Pitching for New York Yankees : RHP Greg Field
|
|
Batting: SHB Alfredo Griffin
|
0-0: Called Strike 0-1: Ball 1-1: Swinging Strike 1-2: Foul Ball, location: 2F 1-2: Ball 2-2: Strikes out looking
|
|
Batting: RHB Steve Sax
|
0-0: Ball 1-0: Fly out, F8 (Flyball, 8RD, EV 88.8 MPH)
|
|
Batting: LHB Von Hayes
|
0-0: Ball 1-0: Fly out, F4 (Popup, 4, EV 59.4 MPH)
|
| Top of the 8th over - 0 runs, 0 hits, 0 errors, 0 left on base; Milwaukee 6 - New York 0 |
| BOTTOM OF THE 8TH |
|
New York Yankees batting - Pitching for Milwaukee Brewers : LHP Gary Lucas
|
|
Batting: SHB Tim Raines
|
0-0: Ball 1-0: Ground out 6-3 (Groundball, 56, EV 96.9 MPH)
|
|
Batting: LHB Ron Hassey
|
0-0: Swinging Strike 0-1: Ground out 4-3 (Groundball, 34D, EV 96.3 MPH)
|
|
Batting: SHB Jerry Manuel
|
0-0: Ball 1-0: Called Strike 1-1: Foul Ball, location: 2F 1-2: Ball 2-2: Strikes out swinging
|
| Bottom of the 8th over - 0 runs, 0 hits, 0 errors, 0 left on base; Milwaukee 6 - New York 0 |
| TOP OF THE 9TH |
|
Milwaukee Brewers batting - Pitching for New York Yankees : RHP Greg Field
|
|
Batting: RHB Eric Davis
|
0-0: Called Strike 0-1: Called Strike 0-2: Foul Ball, location: 2F 0-2: Ball 1-2: Ball 2-2: Ball 3-2: Fly out, F8 (Flyball, 8RXD, EV 93.8 MPH)
|
|
Batting: SHB Eddie Murray
|
0-0: Called Strike 0-1: Fly out, F8 (Flyball, 8LXD, EV 86.3 MPH)
|
|
Batting: RHB Mike Schmidt
|
0-0: Ball 1-0: Ball 2-0: Ball 3-0: Called Strike 3-1: Base on Balls
|
|
Batting: RHB Thurman Munson
|
0-0: Called Strike 0-1: Fly out, F9 (Flyball, 9LS, EV 88.1 MPH)
|
| Top of the 9th over - 0 runs, 0 hits, 0 errors, 1 left on base; Milwaukee 6 - New York 0 |
| BOTTOM OF THE 9TH |
|
New York Yankees batting - Pitching for Milwaukee Brewers : LHP Gary Lucas
|
|
Batting: LHB Wade Boggs
|
0-0: Ground out 6-3 (Groundball, 56, EV 106.9 MPH)
|
|
Batting: SHB Willie Wilson
|
0-0: Ball 1-0: Ball 2-0: Ball 3-0: Base on Balls
|
|
Batting: LHB Kent Hrbek
|
0-0: Ball 1-0: Ball 2-0: Ball 3-0: Called Strike 3-1: DOUBLE (Line Drive, 78M, EV 108.1 MPH) Willie Wilson to third
|
|
Pitching: RHP Andy Messersmith
|
|
|
Batting: RHB Pedro Guerrero
|
0-0: Ball 1-0: Ball 2-0: Called Strike 2-1: Foul Ball, location: 2F 2-2: Ball 3-2: Base on Balls
|
|
Batting: LHB George Kaage
|
0-0: Swinging Strike 0-1: Ground out 6-3 (Groundball, 6S, EV 70.6 MPH) Willie Wilson scores Kent Hrbek to third Pedro Guerrero to second
|
|
Batting: RHB Emanuel Cortez
|
0-0: Called Strike 0-1: Called Strike 0-2: Reached on error, E5 (Groundball, 56, EV 86.3 MPH) Kent Hrbek scores Pedro Guerrero to third
|
|
Batting: SHB Tim Raines
|
0-0: Ball 1-0: Ground out 4-3 (Groundball, 34, EV 78.8 MPH)
|
| Bottom of the 9th over - 2 runs, 1 hit, 1 error, 2 left on base; Milwaukee 6 - New York 2 |
|